 Dungeon Crawl Stone Soup version 0.30-a0-900-g23479c02f2 (webtiles) character file.

Game seed: 359665639580305250

5395 cforsyth the Ogre Mage (level 10, -2/81 HPs)
             Began as an Ogre Fire Elementalist on Mar 18, 2023.
             Was a Believer of Vehumet.
             Killed from afar by a steam dragon (14 damage)
             ... with a ball of steam
             ... on level 10 of the Dungeon on Mar 19, 2023.
             The game lasted 00:25:45 (9336 turns).

cforsyth the Ogre Mage (Ogre Fire Elementalist)     Turns: 9336, Time: 00:25:46

Health: -2/81      AC:  7    Str: 14    XL:     10   Next: 66%
Magic:  11/24      EV:  9    Int: 26    God:    Vehumet [**....]
Gold:   629        SH:  0    Dex:  9    Spells: 18/29 levels left

rFire   . . .      SeeInvis .    F - +7 short sword (elec)
rCold   . . .      Faith    .    (no shield)
rNeg    . . .      Spirit   .    o - +0 acid dragon scales
rPois   .          Reflect  .    (helmet restricted)
rElec   .          Rampage  .    (no cloak)
rCorr   +                        (gloves unavailable)
Will    +....                    (boots unavailable)
Stlth   +                        d - amulet of magic regeneration
HPRegen 0.33/turn                y - +6 ring of intelligence
MPRegen 0.59/turn                u - ring of resist corrosion

@: no status effects
A: large, unfitting armour, tough skin 1
a: Renounce Religion


You were on level 10 of the Dungeon.
You worshipped Vehumet.
Vehumet was pleased with you.
You visited 2 branches of the dungeon, and saw 13 of its levels.

You collected 629 gold pieces.

Inventory:

Hand Weapons
 F - a +7 short sword of electrocution (weapon)
Missiles
 H - a throwing net
Armour
 a - a +0 robe
 o - +0 acid dragon scales (worn)
 A - a +1 robe of cold resistance
 G - +0 steam dragon scales
Jewellery
 d - an amulet of magic regeneration (around neck)
 g - a ring of positive energy
 k - a +6 ring of intelligence
 l - a ring of fire
 u - a ring of resist corrosion (right hand)
 y - a +6 ring of intelligence (left hand)
Wands
 q - a wand of roots (4)
 B - a wand of paralysis (9)
 C - a wand of mindburst (24)
Scrolls
 c - 4 scrolls of teleportation
 e - 3 scrolls of vulnerability
 i - a scroll of noise
 j - a scroll of fog
 n - a scroll of fear
 s - a scroll of amnesia
 t - a scroll of silence {unknown}
Potions
 b - a potion of magic
 f - 2 potions of brilliance
 h - 5 potions of attraction
 m - 2 potions of might
 p - a potion of mutation
 r - 2 potions of ambrosia
 v - 2 potions of heal wounds
 x - 5 potions of lignification
 z - 8 potions of curing
 D - a potion of haste {unknown}
 E - 3 potions of resistance
 I - a potion of degeneration {unknown}


   Skills:
 - Level 2.5 Dodging
 - Level 2.2 Stealth
 + Level 10.0 Spellcasting
 + Level 8.1 Conjurations
 + Level 8.6 Fire Magic


You had 18 spell levels left.
You knew the following spells:

 Your Spells              Type           Power      Damage    Failure   Level
a - Foxfire               Conj/Fire      100%       2x1d9     1%          1
b - Scorch                Fire           100%       2d10      1%          2
c - Flame Wave            Conj/Fire      54%        2d13      2%          4
d - Sticky Flame          Conj/Fire      54%        2d7       2%          4

Your spell library contained the following spells:

 Spells                   Type           Power      Damage    Failure   Level
 Momentum Strike          Conj/Tloc      68%        3d9       1%          2
 Inner Flame              Hex/Fire       35%        N/A       3%          3
 Kindle Blastsparks       Fire/Tloc/Air  54%        2d14      6%          3
 Necrotise                Necr           52%        1d6       7%          1
 Slow                     Hex            52%        N/A       7%          1
 Ensorcelled Hibernation  Hex/Ice        26%        N/A       10%         2
 Sublimation of Blood     Necr           13%        N/A       10%         2
 Wereblood                Tmut           13%        N/A       10%         2
 Call Canine Familiar     Summ           13%        N/A       21%         3
 Confusing Touch          Hex            13%        N/A       21%         3
 Portal Projectile        Hex/Tloc       26%        N/A       21%         3
 Spider Form              Tmut/Pois      13%        N/A       21%         3
 Vampiric Draining        Necr           13%        2d6       21%         3
 Freezing Cloud           Conj/Ice/Air   13%        6-21      52%         5
 Anguish                  Hex/Necr       6%         N/A       54%         4
 Leda's Liquefaction      Hex/Erth       6%         N/A       54%         4
 Agony                    Necr           13%        N/A       88%         5
 Simulacrum               Ice/Necr       6%         N/A       100%        6
 Summon Hydra             Summ           6%         N/A       100%        7
 Polar Vortex             Ice            6%         N/A       100%        9


Dungeon Overview and Level Annotations

Branches:
Dungeon (12/15)            Temple (1/1) D:4
   Lair: D:8-11         Orc: D:9-12

Altars:
Ashenzari
Cheibriados
Fedhas
Gozag
Kikubaaqudgha
Makhleb
Nemelex Xobeh
Okawaru
Qazlal
Ru
Trog
Vehumet
Wu Jian
Yredelemnul
Zin
The Shining One

Shops:
D:9 *

Annotations:
D:5 2 transporters


Innate Abilities, Weirdness & Mutations

You are too large for most types of armour.
You have tough skin. (AC +1)


Message History

The ball of steam hits the orc!!
The orc dies!
The ball of steam hits you.
A wave of flame ripples out!
The flame wave engulfs the steam dragon but does no damage.
The steam dragon is lightly wounded.
You are engulfed in a cloud of scalding steam.
A wave of flame ripples out!
The flame wave engulfs the steam dragon.
The steam dragon is moderately wounded.
You finish channelling waves of flame.
You are engulfed in a cloud of scalding steam.
The steam dragon barely misses you.
The steam dragon claws you but does no damage.
Casting: Flame Wave (dangerous; 2% risk of failure)
Confirm with . or Enter, or press ? or * to list all spells.
Casting: Flame Wave (dangerous; 2% risk of failure)
Press: ? - help, Dir - look around, f - activate A wave of flame ripples out!
The flame wave engulfs the steam dragon but does no damage.
The steam dragon is moderately wounded. (Press . to intensify the flame waves.)
You are engulfed in a cloud of scalding steam.
The steam dragon breathes steam at you. The ball of steam hits you!!
A wave of flame ripples out!
The flame wave engulfs the steam dragon.
The steam dragon is heavily wounded.
You are engulfed in a cloud of scalding steam.
* * * LOW HITPOINT WARNING * * *
The steam dragon breathes steam at you. The ball of steam hits you!
* * * LOW HITPOINT WARNING * * *
A wave of flame ripples out!
The flame wave engulfs the steam dragon.
The steam dragon is severely wounded.
You finish channelling waves of flame.
The steam dragon breathes steam at you. The ball of steam hits you!
You die...

#.###.#.# .#.##.#.# ..
###.#.#.# .# [.##....#
.# # #.#...### .# .#
...#..# .###... ...#..#
##...... .#....#
####§).##... ...#.##
#.§§@D...... #.##.###
#.##.).#.... #>.....#
#.###.....##
####.#.######.######..#.
#.#................#.
#...........###### #.
########......... .
############.######.#
.†...........#


You could see a steam dragon (catching breath).

Vanquished Creatures
  A two-headed ogre (D:8)
  Pikel (D:5)
  An ice statue (D:7)
  Maggie (D:9)
  A kobold demonologist (D:10)
  2 hornets (D:9)
  Prince Ribbit (D:6)
  Sigmund (D:4)
  A slime creature (D:12)
  A shadow (D:9)
  2 wyverns (D:9)
  A steam dragon (D:7)
  Edmund (D:4)
  An acid dragon (D:8)
  2 water moccasins
  An ice beast (D:7)
  3 orc warriors
  4 lemures
  A kobold brigand (D:7)
  2 phantoms (D:5)
  Blork the orc (D:6)
  2 wights (D:9)
  2 howler monkeys
  3 hounds (D:5)
  3 orc priests
  2 jellies (D:5)
  Ijyb (D:3)
  2 sleepcaps (D:6)
  2 iguanas (D:5)
  5 orc wizards
  6 adders
  A shadow imp (D:6)
  3 white imps
  3 ufetubi (D:5)
  5 worms
  3 dart slugs
  27 orcs
  A bat (D:1)
  5 endoplasms
  9 giant cockroaches
  8 goblins
  7 hobgoblins
  4 jackals (D:4)
  7 quokkas
  10 ball pythons
  6 frilled lizards
  7 kobolds
  4 rats
  A spectral orc (D:6)
169 creatures vanquished.

Vanquished Creatures (collateral kills)
  A foxfire (D:4)
1 creature vanquished.

Vanquished Creatures (others)
  An orc (D:10)
  1072 foxfires
1073 creatures vanquished.

Grand Total: 1243 creatures vanquished

Notes
Turn   | Place    | Note
-------+----------+-------------------------------------------
     0 | D:1      | cforsyth the Ogre Fire Elementalist began the quest for the
                  | Orb.
     0 | D:1      | Reached XP level 1. HP: 16/16 MP: 3/3
   132 | D:1      | Reached skill level 1 in Conjurations
   282 | D:1      | Reached XP level 2. HP: 24/24 MP: 3/5
   618 | D:1      | Reached XP level 3. HP: 28/31 MP: 4/7
  1089 | D:2      | Reached skill level 3 in Spellcasting
  1193 | D:2      | Reached XP level 4. HP: 39/39 MP: 8/8
  1303 | D:2      | Learned a level 2 spell: Scorch
  1879 | D:3      | Noticed Ijyb
  1887 | D:3      | Killed Ijyb
  1892 | D:3      | Reached XP level 5. HP: 37/45 MP: 2/9
  2260 | D:3      | Found a faded altar of an unknown god.
  2499 | D:3      | Learned a level 4 spell: Flame Wave
  2581 | D:4      | Identified the +1 leather armour "Gudwitip" {+Blink}
  2614 | D:4      | Found a staircase to the Ecumenical Temple.
  2742 | Temple   | Entered the Ecumenical Temple
  2859 | Temple   | Became a worshipper of Vehumet
  3007 | D:4      | Noticed Sigmund
  3012 | D:4      | Noticed Edmund
  3020 | D:4      | Killed Sigmund
  3021 | D:4      | Reached skill level 4 in Spellcasting
  3021 | D:4      | Reached XP level 6. HP: 9/53 MP: 2/12
  3021 | D:4      | Killed Edmund
  3022 | D:4      | Reached XP level 7. HP: 10/59 MP: 1/14
  3300 | D:4      | Found an ornate altar of the Wu Jian Council.
  3373 | D:4      | Found a glowing golden altar of the Shining One.
  3546 | D:5      | Entered Level 5 of the Dungeon
  3592 | D:5      | Reached skill level 5 in Spellcasting
  3628 | D:5      | Noticed Pikel
  3860 | D:5      | Reached skill level 5 in Fire Magic
  3895 | D:5      | Found a transporter.
  3945 | D:5      | Reached XP level 8. HP: 55/67 MP: 13/16
  4205 | D:5      | Found a transporter.
  4292 | D:6      | Noticed Blork the orc
  4296 | D:6      | Killed Blork the orc
  4444 | D:6      | Reached skill level 6 in Spellcasting
  4727 | D:6      | Noticed Prince Ribbit
  4735 | D:6      | Killed Prince Ribbit
  4735 | D:6      | Reached * piety under Vehumet
  4735 | D:6      | Offered knowledge of Shock by Vehumet.
  4929 | D:6      | Found a basalt altar of Yredelemnul.
  5070 | D:7      | Noticed an ice statue
  5688 | D:7      | Killed an ice statue
  5689 | D:7      | Reached skill level 5 in Conjurations
  5800 | D:7      | Reached skill level 7 in Spellcasting
  5833 | D:7      | Reached XP level 9. HP: 74/74 MP: 13/19
  6642 | D:5      | Killed Pikel
  6643 | D:5      | Reached skill level 8 in Spellcasting
  7173 | D:8      | Noticed a two-headed ogre
  7178 | D:8      | Killed a two-headed ogre
  7179 | D:8      | Reached skill level 9 in Spellcasting
  7179 | D:8      | Reached XP level 10. HP: 81/81 MP: 15/23
  7360 | D:9      | Found an ancient bone altar of Kikubaaqudgha.
  7426 | D:9      | Noticed Maggie
  7446 | D:9      | Killed Maggie
  7686 | D:9      | Paralysed by a hornet for 2 turns
  8005 | D:9      | Offered knowledge of Momentum Strike by Vehumet.
  8011 | D:9      | Learned a level 4 spell: Sticky Flame
  8114 | D:9      | Found Eruth's General Store.
  8283 | D:10     | Entered Level 10 of the Dungeon
  8450 | D:10     | Noticed a kobold demonologist
  8452 | D:10     | Noticed a sun demon
  8474 | D:10     | Noticed a soul eater
  8725 | D:10     | Killed a kobold demonologist
  8748 | D:10     | You fall into a shaft and drop 2 floors!
  8774 | D:12     | Noticed a skeletal warrior
  9041 | D:10     | Reached ** piety under Vehumet
  9046 | D:10     | Found an iron altar of Okawaru.
  9330 | D:10     | Reached skill level 10 in Spellcasting
  9336 | D:10     | Killed from afar by a steam dragon

Illustrated notes

Levels and vault maps discovered:
D:1:      amcnicky_arrival_single_pillar, layout_rooms, minmay_worlds_worst_comb
D:2:      layout_loops_cross, patterned_corridor
D:3:      layout_loops_ring, shapermc_ecumenical_altar_pompeii, serial_glass,
          glass_columns_b, glass_columns_a, solitary_fountain, uniq_ijyb
D:4:      layout_basic, marbit_many_paths, mainiacjoe_overflow_cross_hatched,
          minmay_temple_entry_glass, sigmund_edmund_badplayer
D:5:      gammafunk_steamed_eel, layout_basic, minmay_misc_feat_doors,
          uniq_pikel
D:6:      layout_loops_ring, yredelemnul_forgotten_temple_becter,
          uniq_prince_ribbit1, uniq_blork_the_orc
D:7:      lemuel_ice_statue, layout_cave_pools
D:8:      layout_rooms, minmay_crossroads
D:9:      layout_loops_ring, mainiacjoe_overflow_concentric_impassable,
          serial_shops, shop_fountains, minmay_fractal_squares_gapless_5,
          uniq_maggie
D:10:     layout_loops_ring, amcnicky_altar_gilded, kennysheep_okawaru_gauntlet
D:11:     layout_long_grid, dpeg_lair_monsters, serial_rivers,
          chequers_serial_rivers_micro_a, chequers_serial_rivers_large_b,
          chequers_serial_rivers_micro_b, chequers_serial_rivers_marsh,
          chequers_serial_rivers_room_a
D:12:     cheibrodos_barr_body, layout_layer_cave, orc_0_dummy, elyvilon_altar_1
Temple:   nicolae_temple_slightly_damp_pantheon

Skill      XL: |  1  2  3  4  5  6  7  8  9 10 |
---------------+-------------------------------+-----
Conjurations   | 1 3 4 5 7 8 |  8.1
Dodging        | 2 |  2.5
Fire Magic     | 3 4 5 6 7 8 |  8.6
Spellcasting   | 3 4 5 7 9 10 | 10.0
Stealth        | 2 |  2.2

Action                     |  1- 3 |  4- 6 |  7- 9 | 10-12 || total
---------------------------+-------+-------+-------+-------++-------
  Melee: Unarmed           |     5 |     8 |       |       ||    13
         Short sword       |       |       |     1 |     3 ||     4
   Cast: Foxfire           |    73 |   130 |   353 |    67 ||   623
         Scorch            |       |     3 |    69 |    21 ||    93
         Flame Wave        |       |       |     1 |     7 ||     8
    Use: Scroll            |       |       |    10 |    13 ||    23
         Potion            |       |       |       |     2 ||     2
 Armour: Robe              |     4 |     6 |    18 |       ||    28
         Acid dragon scale |       |       |     2 |     9 ||    11
  Dodge: Dodged            |     7 |    17 |    31 |    14 ||    69

Table legend: (Time is in decaauts)
 A = Elapsed time spent in this place.
 B = Non-inter-level travel time spent in this place.
 C = Inter-level travel time spent in this place.
 D = Time resting spent in this place.
 E = Time spent auto-exploring this place.
 F = Levels seen in this place.
 G = Mean time per level.
                   A        B        C        D        E       F      G
               +--------+--------+--------+--------+--------+-----+--------+
         Total |   9344 |   8934 |    410 |    624 |   6368 |  13 |  718.8 |
       Dungeon |   9207 |   8816 |    391 |    624 |   6268 |  12 |  767.2 |
        Temple |    136 |    117 |     19 |      0 |    100 |   1 |  136.0 |
               +--------+--------+--------+--------+--------+-----+--------+

Top non-repeatable levels by time:
     D:9: 1399 daAuts
     D:7: 1319 daAuts
     D:4: 1090 daAuts
     D:2: 967 daAuts
     D:1: 897 daAuts
     D:6: 879 daAuts
     D:5: 748 daAuts
     D:3: 643 daAuts
     D:8: 547 daAuts
    D:10: 445 daAuts
    D:12: 199 daAuts
  Temple: 136 daAuts
    D:11: 69 daAuts
